 Dungeon Crawl Stone Soup version 0.28-a0-503-g83f2989fac (webtiles) character file.

Game seed: 196627825660991529

637 ZARRMARR the Skirmisher (level 7, -5/53 HPs)
             Began as a Djinni Cinder Acolyte on Sept 20, 2021.
             Was a High Priest of Ignis.
             Slain by Duvessa (11 damage)
             ... on level 5 of the Dungeon on Oct 12, 2021.
             The game lasted 00:10:36 (5085 turns).

ZARRMARR the Skirmisher (Djinni Cinder Acolyte)     Turns: 5085, Time: 00:10:36

Health: -5/53      AC:  2    Str: 13    XL:     7   Next: 80%
Gold:   174        EV: 12    Int: 18    God:    Ignis [*****.] SH:  0 Dex:  8

rFire   + + +      SeeInvis .   a - -1 falchion (flame)
rCold   x . .      Faith    .   (no shield)
rNeg    . . .      Spirit   .   b - +0 robe
rPois   ∞          Reflect  .   (no helmet)
rElec   .          Harm     .   (no cloak)
rCorr   .          Rampage  .   (no gloves)
Will    .....                   (boots unavailable)
Stlth   +.........              (no amulet)
HPRegen 0.17/turn               j - ring of wizardry
MPRegen 0.00/turn               (no ring)

@: flying
A: sickness immunity, fire resistance 2, cold vulnerability 1, float, innate
caster, hp casting, extra vitality 1
a: Renounce Religion, Sea of Fire, Foxfire Swarm, Rising Flame


You were on level 5 of the Dungeon.
You worshipped Ignis.
Ignis was extremely pleased with you.
You visited 1 branch of the dungeon, and saw 5 of its levels.

You collected 174 gold pieces.

Inventory:

Hand Weapons
 a - a -1 falchion of flaming (weapon)
Missiles
 g - 2 throwing nets
Armour
 b - a +0 robe (worn)
Jewellery
 j - a ring of wizardry (left hand)
Wands
 n - a wand of polymorph (8)
Scrolls
 e - a scroll of teleportation {unknown}
 h - a scroll of amnesia {unknown}
 i - a scroll of fog {unknown}
 k - a scroll of fear {unknown}
 m - 2 scrolls of identify {unknown}
 p - a scroll of vulnerability {unknown}
Potions
 c - 5 potions of heal wounds {unknown}
 d - 2 potions of curing {unknown}
 f - a potion of lignification {unknown}
 l - a potion of haste {unknown}
 o - a potion of magic {unknown}


   Skills:
 + Level 4.9 Fighting
 + Level 4.4 Long Blades
 + Level 4.1 Dodging
 + Level 3.8 Spellcasting


You had 5 spell levels left.
You knew the following spells:

 Your Spells              Type           Power      Damage    Failure   Level
a - Scorch                Fire           34%        2d6       1%          2
b - Sandblast             Erth           34%        2d9       1%          1
c - Blink                 Tloc           N/A        N/A       1%          2
d - Stone Arrow           Conj/Erth      34%        3d9       4%          3
Your spell library was empty.

Dungeon Overview and Level Annotations

Branches:
Dungeon (5/15)
 Temple: D:4-7

Altars:
Elyvilon
Fedhas
Nemelex Xobeh

Annotations:
D:5 Dowan, Duvessa


Innate Abilities, Weirdness & Mutations

You are immune to sickness and miasma.
You are immune to poison.
Your flesh is very heat resistant. (rF++)
You are vulnerable to cold. (rC-)
You float through the air rather than walking.
You learn spells naturally, not from books.
Your magical power is your life essence.
You have superior vitality. (+4 HP)


Message History

Flames lash Duvessa but do no damage.
Duvessa hits you with a +0 short sword of flaming!
Flames lash Duvessa.
Duvessa is lightly wounded.
Duvessa's fire resistance burns away.
Duvessa hits you with a +0 short sword of flaming.
Flames lash Duvessa.
Duvessa is burned terribly!
Duvessa is moderately wounded.
Duvessa hits you with a +0 short sword of flaming.
You are too injured to fight recklessly!
You are too injured to fight recklessly!
You slash Duvessa! You burn Duvessa.
Duvessa is severely wounded.
Dowan is no longer more vulnerable to fire.
Duvessa closely misses you.
Dowan casts a spell.
Dowan blinks!
Duvessa hits you with a +0 short sword of flaming.
You hit Duvessa but do no damage.
Duvessa is severely wounded.
Duvessa is no longer more vulnerable to fire.
Duvessa barely misses you.
Unknown command.
You hit Duvessa but do no damage.
Duvessa is severely wounded.
Duvessa closely misses you.
Unknown command.
You hit Duvessa but do no damage.
Duvessa is severely wounded.
Duvessa misses you.
Unknown command.
You hit Duvessa but do no damage.
Duvessa is severely wounded.
Duvessa hits you with a +0 short sword of flaming!
* * * LOW HITPOINT WARNING * * *
Unknown command.
You hit Duvessa but do no damage.
Duvessa is severely wounded.
Duvessa hits you with a +0 short sword of flaming!
You die...

#######.#.##
........#
######..#
##..########
#####...........
#.......########
#.##.##.#
#.##.##.#
#@##.##.#
#e##.##.#
#e##.##.#
........#
#.##..... #.#
#.# #.#


You could see Duvessa and Dowan.

Vanquished Creatures
  Sigmund (D:2)
  Menkaure (D:4)
  A scorpion (D:4)
  A centaur skeleton (D:2)
  2 hounds
  An orc priest (D:3)
  The ghost of jsc15 the Skirmisher, a weakling DrBe of Trog (D:4)
  6 adders
  2 adder skeletons (D:4)
  A worm (D:2)
  3 dart slugs
  7 orcs
  5 ball pythons
  5 endoplasms
  8 giant cockroaches
  6 goblins
  8 hobgoblins
  5 jackals
  A quokka (D:2)
  7 bats
  3 frilled lizards
  7 kobolds
  2 rats (D:1)
84 creatures vanquished.

Vanquished Creatures (others)
  12 plants
12 creatures vanquished.

Grand Total: 96 creatures vanquished

Notes
Turn   | Place    | Note
-------+----------+-------------------------------------------
     0 | D:1      | ZARRMARR the Djinni Cinder Acolyte began the quest for the
                  | Orb.
     0 | D:1      | Reached XP level 1. HP: 20/20 MP: 0/0
   127 | D:1      | Reached XP level 2. HP: 22/25 MP: 0/0
   482 | D:1      | Reached skill level 1 in Dodging
   533 | D:1      | Reached XP level 3. HP: 26/30 MP: 0/0
   533 | D:1      | Learned a level 1 spell: Sandblast
  1275 | D:2      | Reached XP level 4. HP: 19/35 MP: 0/0
  1562 | D:2      | Noticed Sigmund
  1572 | D:2      | Killed Sigmund
  1573 | D:2      | Reached XP level 5. HP: 6/41 MP: 0/0
  1573 | D:2      | Learned a level 2 spell: Blink
  1573 | D:2      | Reached XP level 6. HP: 7/47 MP: 0/0
  2614 | D:3      | Found a blossoming altar of Fedhas.
  3354 | D:3      | Found a sparkling altar of Nemelex Xobeh.
  3458 | D:3      | Found a faded altar of an unknown god.
  3608 | D:3      | Found a white marble altar of Elyvilon.
  3913 | D:4      | Reached XP level 7. HP: 27/53 MP: 0/0
  3913 | D:4      | Learned a level 3 spell: Stone Arrow
  4344 | D:4      | Noticed Menkaure
  4349 | D:4      | Killed Menkaure
  4515 | D:4      | Found a runed translucent door.
  4593 | D:4      | Noticed jsc15's ghost (weakling DrBe)
  4602 | D:4      | Killed jsc15's ghost
  5040 | D:5      | Entered Level 5 of the Dungeon
  5068 | D:5      | Noticed Duvessa
  5069 | D:5      | Noticed Dowan
  5085 | D:5      | Slain by Duvessa

Illustrated notes

Levels and vault maps discovered:
D:1:      minmay_arrival_three_doors, layout_loops_ring,
          minmay_misc_feat_square, kennysheep_nondescript,
          hangedman_decor_opposing
D:2:      layout_basic, uniq_sigmund
D:3:      minmay_door_path, layout_basic, nicolae_overflow_crystal_walls,
          nicolae_elyvilon_temple_path, mainiacjoe_overflow_alcove_4,
          ebering_ecumenical_altar_webs
D:4:      layout_rooms, ebering_ghost_sewer_d, serial_bayou,
          serial_bayou_shore_a, serial_bayou_lagoon_a, serial_bayou_shore_b,
          serial_bayou_shore_b, corexii_corridor_pit, uniq_menkaure
D:5:      layout_loops_ring, bloody_trog, grunt_decor_resistance, moated_statue,
          minivault_14, grunt_decor_one_mirror, uniq_duvessa

Skill      XL: |  1  2  3  4  5  6  7 |
---------------+----------------------+-----
Dodging        | 1 2 3 4 |  4.1
Long Blades    | 3 4 |  4.4
Fighting       | 4 |  4.9
Spellcasting   | 3 |  3.8

Action                   |  1- 3 |  4- 6 |  7- 9 || total
-------------------------+-------+-------+-------++-------
Melee: Falchion          |    64 |    10 |    23 ||    97
 Cast: Scorch            |    10 |    52 |    28 ||    90
       Blink             |       |     1 |       ||     1
Armor: Robe              |    20 |     8 |     1 ||    29
Dodge: Dodged            |    45 |    23 |    24 ||    92

Table legend: (Time is in decaauts)
 A = Elapsed time spent in this place.
 B = Non-inter-level travel time spent in this place.
 C = Inter-level travel time spent in this place.
 D = Time resting spent in this place.
 E = Time spent auto-exploring this place.
 F = Levels seen in this place.
 G = Mean time per level.
                   A        B        C        D        E       F      G
               +--------+--------+--------+--------+--------+-----+--------+
         Total |   5095 |   4880 |    215 |    159 |   4281 |   5 | 1019.0 |
       Dungeon |   5095 |   4880 |    215 |    159 |   4281 |   5 | 1019.0 |
               +--------+--------+--------+--------+--------+-----+--------+

Top non-repeatable levels by time:
     D:2: 1592 daAuts
     D:3: 1312 daAuts
     D:4: 1138 daAuts
     D:1: 1006 daAuts
     D:5: 45 daAuts
